 Dungeon Crawl Stone Soup version 0.18.1-47-g9310371 (webtiles) character file.

32 VorpalDagger the Grave Robber (level 3, -2/42 HPs)
             Began as a Deep Dwarf Necromancer on June 18, 2016.
             Slain by a giant frog (3 damage)
             ... on level 2 of the Dungeon.
             The game lasted 00:09:44 (1179 turns).

VorpalDagger the Grave Robber (DDNe)                Turns: 1179, Time: 00:09:44

Health: -2/42      AC: 21    Str:  8 (11) XL:     3   Next: 10%
Magic:  3/6        EV:  2    Int: 15 (16) God:
Gold:   54         SH:  0    Dex: 10 (13) Spells: 2 memorised, 2 levels left

rFire  . . .     SeeInvis .     q - +0 short sword
rCold  . . .     Gourm    .     (armour currently unavailable)
rNeg   + + +     Faith    .     (no shield)
rPois  +         Spirit   .     (helmet currently unavailable)
rElec  .         Dismiss  .     (cloak currently unavailable)
rCorr  .         Reflect  .     (gloves currently unavailable)
SustAt .         Harm     .     (boots currently unavailable)
MR     .....     NoTele   +     (no amulet)
Stlth  +++.......               (no ring)
                                (no ring)

@: lethally poisoned (-2 -> -2), tree-form, non-regenerating, not resistant to
hostile enchantments, fairly stealthy
A: damage resistance, recharge devices, sense surroundings 1, slow regeneration
3
a: Device Recharging


You were on level 2 of the Dungeon.
You were not hungry.
You were a tree.
You visited 1 branch of the dungeon, and saw 4 of its levels.

You collected 54 gold pieces.

Inventory:

Hand Weapons
 k - a +0 hunting sling of freezing
 q - a +0 short sword (weapon)
 r - a +0 whip
 x - a +0 whip
Missiles
 g - 42 arrows
 p - 56 stones (quivered)
 t - 7 silver tomahawks
 v - 5 steel javelins
 w - 19 poisoned needles
Armour
 a - a +0 robe (melded)
Jewellery
 u - an uncursed amulet of rage {unknown}
Wands
 c - a wand of heal wounds (4/9)
Scrolls
 e - 2 scrolls of teleportation {unknown}
 h - 2 scrolls of identify {unknown}
 m - a scroll of blinking {unknown}
 s - a scroll of noise {unknown}
 y - a scroll of recharging {unknown}
Potions
 f - 2 potions of degeneration
 l - a potion of brilliance {unknown}
 o - a potion of curing {unknown}
 z - a potion of magic {unknown}
Books
 b - a book of Necromancy

   Spells                             Type                      Level
   a - Pain                           Necromancy                   1
   b - Animate Skeleton               Necromancy                   1
   c - Vampiric Draining              Necromancy                   3
   d - Regeneration                   Charms/Necromancy            3
   e - Animate Dead                   Necromancy                   4
   f - Control Undead                 Necromancy                   4
Comestibles
 d - a bread ration
 i - 2 chunks of flesh
 n - 2 meat rations


   Skills:
 + Level 2.2 Dodging
 + Level 2.7 Stealth
 - Level 0.6 Unarmed Combat
 + Level 2.2 Spellcasting
 + Level 4.9 Necromancy


You had 2 spell levels left.
You knew the following spells:

 Your Spells              Type           Power        Failure   Level  Hunger
a - Pain                  Necr           ###.         3%          1    #......
b - Vampiric Draining     Necr           ###.......   12%         3    ###....


Dungeon Overview and Level Annotations

Branches:
Dungeon (4/15)
 Temple: D:4-7

Altars:


Innate Abilities, Weirdness & Mutations

You are resistant to damage.
You can recharge devices by infusing magical energy.
You passively map a small area around you.
You do not regenerate naturally.


Message History

You are poisoned.
The adder poisons you! The giant frog barely misses you.
The adder closely misses you.
You miss the adder. The giant frog hits you!
* * * LOW HITPOINT WARNING * * *
The giant frog misses you. The adder barely misses you.
You closely miss the adder. The giant frog closely misses you.
The adder bites you.
You are more poisoned.
The adder poisons you! The giant frog hits you.
Drink which item? (? for menu, Esc to quit)
It was a potion of lignification.
You turn into a tree.
Your +0 robe melds into your body.
Your roots penetrate the ground.
The adder bites you but does no damage.
The giant frog hits you but does no damage.
The adder bites you but does no damage.
That item cannot be evoked!
You barely miss the adder. The giant frog barely misses you.
The adder bites you. The giant frog hits you.
You die...

, ,...#...# * * *
#......, , #.....#.#
###..#....# *
#.......#.
#.<........ *
##......#... *
######.##.....## *.
#..F♣S..........>
##.##################
#...)...............
#.####.####.####)###
#.#..'.'..#.#..'.'..
#.#..#.#..#.#..#.#..
#.#+##.#'##.#+##.#+#
#...................
#.#+##.#'##.#+##.#'#


You could see a giant frog and an adder.

Vanquished Creatures
  An adder (D:2)
  A worm (D:2)
  A dart slug (D:1)
  2 goblins
  3 hobgoblins
  4 bats
  4 giant newts
  2 kobolds
  2 rats
20 creatures vanquished.

Notes
Turn   | Place    | Note
--------------------------------------------------------------
     0 | D:1      | VorpalDagger the Deep Dwarf Necromancer began the quest for the Orb.
     0 | D:1      | Reached XP level 1. HP: 15/15 MP: 3/3
   465 | D:1      | Reached XP level 2. HP: 19/22 MP: 1/4
  1012 | D:2      | Reached XP level 3. HP: 21/28 MP: 0/6
  1020 | D:2      | Learned a level 3 spell: Vampiric Draining
  1154 | D:4      | Noticed a giant frog
  1176 | D:2      | HP: 1/28 [giant frog (6)]
  1179 | D:2      | Slain by a giant frog

Skill      XL: |  1  2 |
---------------+-------+-----
Spellcasting   | 2 |  2.2
Dodging        | |  2.2
Stealth        | |  2.7
Unarmed Combat | |  0.6
Necromancy     | |  4.9

Action                   || total
-------------------------++-------
Melee: Unarmed           ||    14
       Short sword       ||    11
 Cast: Pain              ||    32
       Vampiric Draining ||     3
Evoke: Wand              ||     1
  Use: Potion            ||     2
 Stab: Sleeping          ||     1
  Eat: Chunk             ||     2
Armor: Robe              ||     6
       Skin              ||     3
Dodge: Dodged            ||    28
